 Dungeon Crawl Stone Soup version 0.30.1-11-g7821555f0a (webtiles) character file.

Game seed: 6089494854316967932

117 Janerl the Stinger (level 5, -2/42 HPs)
             Began as a Naga Venom Mage on Oct 27, 2023.
             Slain by a gnoll
             ... wielding a +0 flail
              (12 damage)
             ... on level 3 of the Dungeon.
             The game lasted 00:15:21 (3410 turns).

Janerl the Stinger (Naga Venom Mage)                Turns: 3410, Time: 00:15:21

Health: -2/42      AC:  2    Str: 10    XL:     5   Next: 1%
Magic:  0/10       EV: 10    Int: 17    God:
Gold:   84         SH:  0    Dex: 12    Spells: 8/11 levels left

rFire   . . .        q - +2 spear (venom)
rCold   . . .        (no shield)
rNeg    . . .        a - +0 robe
rPois   +            (no helmet)
rElec   .            (no cloak)
rCorr   .            (no gloves)
SInv    +            (no barding)
Will    .....        (no amulet)
Stlth   ++           (no ring)
HPRegen 0.27/turn    (no ring)
MPRegen 0.12/turn

%: no passive effects
@: very slow
A: AC +1, large, see invisible, deformed body, poison resistance, slowness 2,
spit poison 1, naga tail 1
a: Spit Poison


You were on level 3 of the Dungeon.
You visited 1 branch of the dungeon, and saw 3 of its levels.

You collected 123 gold pieces.
You spent 39 gold pieces at shops.

Inventory:

Hand Weapons
 q - a +2 spear of venom (weapon)
Armour
 a - a +0 robe (worn)
Jewellery
 p - a ring of flight
Scrolls
 c - a scroll of poison {unknown}
 d - 3 scrolls of identify {unknown}
 e - 4 scrolls of teleportation {unknown}
 f - a scroll of magic mapping {unknown}
 i - a scroll of acquirement {unknown}
 k - a scroll of torment {unknown}
 n - a scroll of fog {unknown}
 r - a scroll of vulnerability {unknown}
Potions
 b - 3 potions of magic
 g - 2 potions of flight {unknown}
 h - a potion of cancellation {unknown}
 j - 2 potions of attraction {unknown}
 l - a potion of lignification {unknown}
 m - a potion of haste {unknown}
 o - a potion of curing
 s - a potion of degeneration {unknown}


   Skills:
 + Level 1.7 Dodging
 + Level 3.1 Stealth
 + Level 3.5 Spellcasting
 + Level 2.0 Transmutations
 + Level 0.5 Air Magic
 + Level 4.8 Poison Magic


You had 8 spell levels left.
You knew the following spells:

 Your Spells              Type           Power      Damage    Failure   Level
a - Sting                 Tmut/Pois      56%        1d5       4%          1
b - Poisonous Vapours     Pois/Air       24%        N/A       9%          2

Your spell library contained the following spells:

 Spells                   Type           Power      Damage    Failure   Level
 Cigotuvi's Dreadful Rot  Necr/Pois/Air  18%        N/A       12%         2
 Ignite Poison            Fire/Tmut/Pois 10%        N/A       19%         3
 Olgreb's Toxic Radiance  Pois           19%        N/A       22%         4
 Mephitic Cloud           Conj/Pois/Air  9%         N/A       24%         3
 Freezing Cloud           Conj/Ice/Air   1%         6-21      99%         5


Dungeon Overview and Level Annotations

Branches:
Dungeon (3/15)

Altars:
Wu Jian

Shops:
D:3 !


Innate Abilities, Weirdness & Mutations

Your serpentine skin is tough. (AC +1)
You have supernaturally acute eyesight. (SInv)
Armour fits poorly on your strangely shaped body.
Your system is resistant to poisons. (rPois)
You cover ground very slowly.
You can spit poison.
You have a snake-like lower body.


Message History

The gnoll is heavily wounded.
The gnoll barely misses you. The gnoll hits you with a +0 club.
The gnoll closely misses you.
You barely miss the gnoll.
The gnoll is severely wounded.
You kill the gnoll!
The gnoll looks more healthy.
The gnoll barely misses you.
Casting: Sting (safe; 4% risk of failure)
Confirm with . or Enter, or press ? or * to list all spells.
Aiming: Sting (safe; 4% risk of failure)
Press: ? - help, Shift-Dir - straight line, f/p - gnoll
Aim: a gnoll, wielding a +0 spear (severely wounded, 75% to hit)
The sting hits the gnoll but does no damage.
The gnoll is poisoned.
The gnoll is severely wounded.
The gnoll closely misses you.
You aren't carrying any items that you can evoke.
Reach: q) +2 spear (venom)
Press: ? - help, Dir - move target, f/p - gnoll
Aim: a gnoll, wielding a +0 spear (almost dead, poisoned, about 35% to evade your +2 spear of venom)
You reach to attack!
You hit the gnoll.
You kill the gnoll!
The gnoll barely misses you. The gnoll closely misses you.
You have reached level 5!
Reach: q) +2 spear (venom)
Press: ? - help, Dir - move target, f - gnoll
Aim: a gnoll, wielding a +0 whip of distortion and wearing a +0 chain mail (about 28% to evade your +2 spear of venom)
You reach to attack!
You hit the gnoll but do no damage.
The gnoll is poisoned.
The gnoll hits you with a +0 flail!
* * * LOW HITPOINT WARNING * * *
Casting: Sting (safe; 4% risk of failure)
Confirm with . or Enter, or press ? or * to list all spells.
Aiming: Poisonous Vapours (safe; 9% risk of failure)
Press: ? - help, Dir - move target, f - gnoll, p - gnoll
Aim: a gnoll, wielding a +0 flail Poisonous vapours surround the gnoll!
The gnoll is poisoned.
The gnoll hits you with a +0 flail!
* * * LOW HITPOINT WARNING * * *
You feel better. The gnoll hits you with a +0 flail!
You die...

#.#####.........#
#.#...>.....##..#
#.#.###...#.##.<# ###.#.#
#......#..##########
#.....###.......)..........#
#.#..........)....########.#
#.###########g##### #.# #.# #g#
#.# #.# #@# #.# #.##### ##'##
#.# #.....# ##...## ###.#
######.# ##...).## ##...#
#....#(# ##.......## ##..###
###.#....###...[.....####.).##
....#......'.........'..<....#
PP.####..###.........####...####
...P#...## ##.......## #.......#


You could see 2 gnolls.

Vanquished Creatures
  Terence (D:2)
  3 gnolls
  2 dart slugs
  An orc (D:3)
  8 ball pythons
  5 endoplasms
  A giant cockroach (D:1)
  2 hobgoblins
  5 jackals (D:2)
  5 quokkas
  4 bats
  7 frilled lizards
  4 goblins
  4 kobolds
  4 rats
56 creatures vanquished.

Notes
Turn   | Place    | Note
-------+----------+-------------------------------------------
     0 | D:1      | Janerl the Naga Venom Mage began the quest for the Orb.
     0 | D:1      | Reached XP level 1. HP: 15/15 MP: 3/3
   228 | D:1      | Reached XP level 2. HP: 18/22 MP: 0/5
   329 | D:1      | HP: 1/22 [quokka (4)]
   445 | D:1      | Learned a level 2 spell: Poisonous Vapours
   623 | D:1      | Reached XP level 3. HP: 28/28 MP: 1/6
  1228 | D:2      | Found a faded altar of an unknown god.
  1933 | D:2      | Reached XP level 4. HP: 36/36 MP: 0/8
  1963 | D:2      | Noticed Terence
  1978 | D:2      | Killed Terence
  2758 | D:3      | Found Vanoytatz's Distillery.
  2829 | D:3      | Bought a potion of curing for 39 gold pieces
  3205 | D:3      | Found an ornate altar of the Wu Jian Council.
  3407 | D:3      | Reached XP level 5. HP: 24/42 MP: 2/10
  3408 | D:3      | HP: 1/42 [gnoll/+0 flail (12)]
  3410 | D:3      | Slain by a gnoll

Illustrated notes

Levels and vault maps discovered:
D:1:      heliophobic_arrival_battle_scene, layout_rooms
D:2:      layout_basic, shapermc_ecumenical_altar_totnotflames, uniq_terence
D:3:      wad_lake_hut, layout_loops_corners, nzn_wu_jian_council_hall,
          serial_shops, nicolae_shop_industrial_runoff, serial_forest,
          infiniplex_forest_clump_medium, infiniplex_forest_straight_3,
          infiniplex_forest_end_double, infiniplex_forest_straight_1

Skill      XL: |  1  2  3  4 |
---------------+-------------+-----
Spellcasting   | 3 |  3.5
Transmutations | 2 |  2.0
Dodging        | |  1.7
Stealth        | |  3.1
Air Magic      | |  0.5
Poison Magic   | |  4.8

Action                     |  1- 3 |  4- 6 || total
---------------------------+-------+-------++-------
  Melee: Unarmed           |    24 |     1 ||    25
         Punch             |     1 |       ||     1
         Spear             |       |     8 ||     8
   Cast: Sting             |    54 |    25 ||    79
         Poisonous Vapours |    14 |    10 ||    24
Ability: Spit Poison       |     3 |       ||     3
    Use: Potion            |       |     1 ||     1
 Armour: Robe              |     7 |     4 ||    11
  Dodge: Dodged            |    26 |    15 ||    41
